 Dungeon Crawl Stone Soup version 0.16.1-2-g95b8d4c (webtiles) character file.

33 karlm the Charmwright (level 3, 0/24 HPs)
             Began as a High Elf Skald on Mar 25, 2015.
             Succumbed to an adder's poison
             ... on level 2 of the Dungeon.
             The game lasted 00:06:45 (1343 turns).

karlm the Charmwright (High Elf Skald)              Turns: 1343, Time: 00:06:45

Health: 0/24       AC:  3    Str: 11    XL:     3   Next: 12%
Magic:  2/8        EV: 11    Int: 15    God:
Gold:   48         SH:  0    Dex: 16    Spells: 2 memorised, 3 levels left

rFire  . . .     SeeInvis .     a - +0 falchion
rCold  . . .     Clarity  .     b - +0 leather armour
rNeg   . . .     SustAb   .     (no shield)
rPois  .         Gourm    .     (no helmet)
rElec  .         Spirit   .     (no cloak)
rCorr  .         Warding  .     (no gloves)
rMut   .         Stasis   .     (no boots)
MR     .....                    (no amulet)
Stlth  +.........               (no ring)
                                (no ring)

@: lethally poisoned (0 -> -5), infused, very slightly contaminated, not
resistant to hostile enchantments, very unstealthy
A: no striking features
a: no special abilities


You were on level 2 of the Dungeon.
You were not hungry.

You visited 1 branch of the dungeon, and saw 2 of its levels.

You collected 48 gold pieces.

Inventory:

Hand weapons
 a - a +0 falchion (weapon)
Missiles
 i - 79 stones (quivered)
 l - 12 poisoned needles
Armour
 b - a +0 leather armour (worn)
 o - a +0 ring mail
Jewellery
 j - an uncursed ring of protection from cold {unknown}
Scrolls
 h - 4 scrolls of identify {unknown}
 q - a scroll of immolation {unknown}
Potions
 e - a potion of beneficial mutation {unknown}
 f - a potion of might {unknown}
 g - a potion of haste {unknown}
 m - a potion of agility {unknown}
 n - a potion of ambrosia {unknown}
 p - a potion of magic {unknown}
Books
 c - a book of Battle

   Spells                             Type                      Level
   a - Infusion                       Charms                       1
   b - Shroud of Golubria             Charms/Translocation         2
   c - Song of Slaying                Charms                       2
   d - Spectral Weapon                Hexes/Charms                 3
   e - Regeneration                   Charms/Necromancy            3
Comestibles
 d - a bread ration
 k - a chunk of flesh


   Skills:
 * Level 2.0 Fighting
 * Level 3.1 Long Blades
 - Level 2.1 Armour
 - Level 1.1 Dodging
 - Level 2.4 Spellcasting
 + Level 3.7 Charms
 + Level 0.2 Translocations


You had 3 spell levels left.
You knew the following spells:

 Your Spells              Type           Power        Failure   Level  Hunger
a - Infusion              Chrm           ##....       10%         1    #......
b - Shroud of Golubria    Chrm/Tloc      #.........   21%         2    ###....


Dungeon Overview and Level Annotations

Branches:
Dungeon (2/15)

Altars:
Elyvilon
Gozag
Nemelex Xobeh


Message History

You closely miss the adder.
The adder is moderately wounded.
You feel sick. The adder misses you. The adder misses you.
You miss the adder.
The adder is moderately wounded.
You feel sick. The adder closely misses you.
You closely miss the adder.
The adder is moderately wounded.
The adder bites you.
* * * LOW HITPOINT WARNING * * *
The adder bites you.
* * * LOW HITPOINT WARNING * * *
You hit the adder.
The adder is heavily wounded.
* * * LOW HITPOINT WARNING * * *
You feel sick. The adder bites you.
* * * LOW HITPOINT WARNING * * *
You closely miss the adder.
The adder is moderately wounded.
You die...

### ..# # #.# # .####.#
#. ..##.# #. #.##S#
#.##.##@#
#.......#####.
####.##.....>....#
#.......#########
#.##.##.# #.## ##.#
####### .######.# ..#.#
#..>..#
......#.###.#.###.....#
..........#.#.........#


You could see an adder.

Vanquished Creatures
  A giant gecko (D:1)
  2 bats (D:1)
  4 giant cockroaches
  4 goblins (D:1)
  3 hobgoblins (D:1)
  6 jackals (D:1)
  2 giant newts
  A kobold (D:2)
  7 rats (D:1)
30 creatures vanquished.

Notes
Turn   | Place    | Note
--------------------------------------------------------------
     0 | D:1      | karlm, the High Elf Skald, began the quest for the Orb.
     0 | D:1      | Reached XP level 1. HP: 14/14 MP: 4/4
    28 | D:1      | Reached skill level 1 in Armour
   433 | D:1      | Reached XP level 2. HP: 16/19 MP: 1/6
   443 | D:1      | Learned a level 2 spell: Shroud of Golubria
  1003 | D:1      | Reached XP level 3. HP: 24/24 MP: 0/8
  1266 | D:2      | Found a white marble altar of Elyvilon.
  1307 | D:2      | Found a sparkling altar of Nemelex Xobeh.
  1308 | D:2      | Found an opulent altar of Gozag.
  1342 | D:2      | HP: 1/24 [adder (3)]
  1343 | D:2      | Succumbed to an adder's poison

Action                   || total
-------------------------++-------
Melee: Falchion          ||    86
 Cast: Infusion          ||    19
       Shroud of Golubri ||     8
  Eat: Chunk             ||     2
